AoeStats
← nero

Arabia

509760413Analyzed
1v1 RM · 6d ago on Sep 27, 2026· 23m 26s· 2 players
Game mode
Random Map
Map size
Tiny (2 player)
Population
200
Speed
Normal
Resources
Standard
Victory
Conquest
Starting age
Dark Age
Ending age
Imperial Age
RankedLock teamsTeams togetherTeam positionsShared explorationLock speedFull tech treeHidden civsTurbo modeCheats
Victory
Defeat
🇹🇷 Italians · Türkiye
1552
+13
🇨🇱 Poles · Chile
1475
-13
mülayim sert
6:02 Loom
6:29 Loom
9:14 Feudal Age
10:00 Double-Bit Axe
10:07 Man-at-Arms
15:43 Fletching
17:51 Padded Archer Armor
23:20 Castle Age
21:41 Horse Collar
23:26 Crossbowman
nero
6:28 Loom
9:04 Feudal Age
15:12 Horse Collar
20:05 Padded Archer Armor
Connection lost

Rejoining the realm…

Still unreachable

The connection could not be restored.

Session expired

The server has moved on; the page needs a fresh start.